AoeStats
← zamithdaniel

Black Forest

508360462Analyzed
2v2 RM · 11d ago on Sep 22, 2026· 56m 37s· 4 players
Game mode
Random Map
Map size
Medium (4 player)
Population
200
Speed
Normal
Resources
Standard
Victory
Conquest
Starting age
Dark Age
Ending age
Imperial Age
RankedLock teamsTeams togetherTeam positionsShared explorationLock speedFull tech treeHidden civsTurbo modeCheats
Victory
Defeat
🇨🇴 Britons · Colombia
897
+16
🇨🇴 Turks · Colombia
882
+16
1027
-21
🇦🇷 Franks · Argentina
751
-11
zamithdaniel
11:01 Feudal Age
16:32 Double-Bit Axe
16:30 Horse Collar
19:15 Castle Age
27:30 Bow Saw
29:36 Fortified Wall
33:03 Imperial Age
32:34 Heavy Plow
32:31 Loom
33:21 Wheelbarrow
32:32 Town Watch
32:56 Stone Mining
32:58 Gold Mining
34:58 Gold Shaft Mining
35:17 Loom
36:07 Wheelbarrow
35:18 Town Watch
37:16 Artillery
38:11 Conscription
38:29 Padded Archer Armor
38:40 Forging
38:35 Scale Barding Armor
39:36 Two-Man Saw
39:06 Hand Cart
41:03 Sipahi
40:16 Sappers
40:09 Elite Janissary
41:08 Leather Archer Armor
41:29 Iron Casting
41:15 Chain Barding Armor
44:23 Bloodlines
44:16 Husbandry
45:55 Ring Archer Armor
46:26 Blast Furnace
46:02 Plate Barding Armor
Dovahkyn
5:56 Loom
12:43 Feudal Age
18:26 Castle Age
18:53 Double-Bit Axe
19:02 Gold Mining
18:56 Horse Collar
23:47 Heavy Plow
29:29 Bow Saw
30:02 Caravan
29:55 Fletching
34:16 Imperial Age
32:58 Wheelbarrow
32:11 Town Watch
32:31 Gold Mining
32:35 Stone Mining
33:15 Bodkin Arrow
34:16 Padded Archer Armor
36:18 Chemistry
35:39 Ballistics
35:00 Treadmill Crane
37:11 Two-Man Saw
36:50 Gold Shaft Mining
36:43 Conscription
36:57 Bracer
37:40 Coinage
38:42 Fortified Wall
39:15 Leather Archer Armor
39:20 Elite Longbowman
39:26 Elite Longbowman
40:28 Yeomen
39:45 Heavy Scorpion
52:58 Siege Engineers
53:04 Masonry
54:04 Warwolf
57:23 Guilds
57:44 Banking
Arrebatador De Fisuras♛
0:29 Loom
12:20 Feudal Age
19:26 Castle Age
17:56 Double-Bit Axe
18:12 Horse Collar
18:43 Stone Mining
21:22 Bow Saw
22:10 Heavy Plow
27:03 Wheelbarrow
33:31 Imperial Age
31:31 Hand Cart
30:53 Elite Skirmisher
32:51 Stone Shaft Mining
32:06 Gold Mining
33:00 Padded Archer Armor
32:51 Fletching
33:09 Scale Barding Armor
33:14 Forging
35:29 Two-Man Saw
35:02 Crop Rotation
35:00 Leather Archer Armor
34:08 Imperial Skirmisher
36:57 Chemistry
38:15 Bodkin Arrow
38:51 Ring Archer Armor
40:09 Ballistics
39:31 Treadmill Crane
40:22 Husbandry
40:32 Bloodlines
42:42 Thumb Ring
43:11 Elite Battle Elephant
43:54 Chatras
44:29 Bracer
44:49 Chain Barding Armor
46:21 Iron Casting
54:33 Plate Barding Armor
pizzeroloco
0:41 Loom
15:26 Feudal Age
17:36 Wheelbarrow
16:52 Double-Bit Axe
21:17 Castle Age
21:40 Castle Age
21:45 Wheelbarrow
22:43 Stone Mining
22:43 Gold Mining
23:21 Bow Saw
26:26 Gold Shaft Mining
29:05 Hand Cart
31:55 Husbandry
32:06 Scale Barding Armor
32:11 Forging
32:00 Pikeman
33:57 Forging
35:12 #83
44:23 Imperial Age
45:39 Cavalier
47:29 Paladin
49:03 Chain Barding Armor
49:20 Iron Casting
Connection lost

Rejoining the realm…

Still unreachable

The connection could not be restored.

Session expired

The server has moved on; the page needs a fresh start.